Columbus Blue Jackets vs Buffalo Sabres

Created - dimanche 31 mars 2019 at 19:00

Goals
1 2 3 T
Columbus Blue Jackets 1 1 1 3
Buffalo Sabres 0 0 1 1
Shots
1 2 3 T
Columbus Blue Jackets 7 16 5 28
Buffalo Sabres 8 10 11 29

1st period

1. Columbus Blue Jackets , Alexander Wennberg 21 (Boone Jenner 25, Vinnie Hinostroza 23) at 4:38

Penalties :
Stefan Noesen (CBJ) for Holding (Minor) at 0:34, Justin Braun (CBJ) for Interference (Minor) at 5:36, Vinnie Hinostroza (CBJ) for Interference (Minor) at 11:56, Barclay Goodrow (BUF) for Holding (Minor) at 16:00

2nd period

2. Columbus Blue Jackets , David Krejci 21 (Artemi Panarin 36) at 1:00

Penalties :
Boone Jenner (CBJ) for Interference (Minor) at 6:13

3rd period

3. Buffalo Sabres , Marcus Foligno 17 (Dmitry Kulikov 5) at 0:14
4. Columbus Blue Jackets , Boone Jenner 20 (David Krejci 33) at 3:12 (PP)

Penalties :
Barclay Goodrow (BUF) for Roughing (Minor) at 3:07, David Krejci (CBJ) for Hooking (Minor) at 6:04, Stefan Noesen (CBJ) for Slashing (Minor) at 9:53, Nicolas Deslauriers (BUF) for Hooking (Minor) at 13:53

Goalie Stats

Sergei Bobrovsky (CBJ), 28 saves from 29 shots - (0.966), W, 48-18-8, 60:00 minutes
Robin Lehner (BUF), 25 saves from 28 shots - (0.893), L, 26-37-7, 60:00 minutes

Players Stats for Columbus Blue Jackets

Player Name              G  A  P  +/- PIM S  H  SB GA TA FO     MP     PP MP  PK MP  
------------------------------------------------------------------------------------
Alexander Wennberg       1  0  1   1  0   4  0  0  0  1  5/7    15:58   0:00   5:30 
Antoine Vermette         0  0  0   0  0   1  0  0  0  0  13/20  14:28   0:00   6:03 
Artemi Panarin           0  1  1   0  0   3  0  0  0  1  0/0    15:00   2:05   0:56 
Boone Jenner             1  1  2   1  2   2  3  0  0  1  0/0    16:26   1:55   4:32 
Dan Girardi              0  0  0  -1  0   0  3  0  0  0  0/0    21:44   0:27   6:04 
David Krejci             1  1  2   0  2   3  1  0  2  2  6/12   14:21   1:55   0:21 
Devante Smith-Pelly      0  0  0   0  0   0  3  1  0  0  1/2    16:21   1:55   5:56 
Jack Johnson             0  0  0   0  0   0  0  0  0  2  0/0    15:15   2:17   0:00 
Jamie Benn               0  0  0   0  0   5  3  0  1  0  5/14   15:30   2:05   0:30 
Justin Braun             0  0  0   2  2   1  1  0  0  2  0/0    21:14   1:50   4:50 
Kevin Hayes              0  0  0   0  0   2  3  0  0  0  2/3    14:19   0:03   0:00 
Lukas Sedlak             0  0  0   0  0   0  0  0  0  0  0/0     7:03   0:00   0:00 
Markus Nutivaara         0  0  0   2  0   2  0  2  0  1  0/0    18:10   1:46   1:14 
Mike Hoffman             0  0  0   0  0   3  2  0  2  0  1/1    15:42   2:05   0:00 
Ryan Murray              0  0  0   0  0   1  2  1  0  2  0/0    20:24   0:00   5:50 
Stefan Noesen            0  0  0   0  4   0  2  0  0  0  0/0    12:45   0:03   0:00 
Tim Heed                 0  0  0  -1  0   0  0  3  0  1  0/0    23:12   1:46   5:50 
Vinnie Hinostroza        0  1  1   1  2   1  0  1  0  0  0/1    10:08   0:03   0:00 

Players Stats for Buffalo Sabres

Player Name              G  A  P  +/- PIM S  H  SB GA TA FO     MP     PP MP  PK MP  
------------------------------------------------------------------------------------
Barclay Goodrow          0  0  0   0  4   0  3  0  1  0  5/17   17:34   5:57   0:52 
Casey Nelson             0  0  0  -2  0   0  0  0  0  0  0/0    20:39   6:38   0:00 
Curtis Lazar             0  0  0   0  0   2  0  0  1  0  6/11   13:21   0:48   1:48 
Daniel Carr              0  0  0  -1  0   0  2  0  0  0  1/2    12:36   0:16   0:43 
Dmitry Kulikov           0  1  1   1  0   0  0  1  0  1  0/0    18:49   1:53   1:56 
Evan Rodrigues           0  0  0   0  0   2  2  0  3  0  1/1    17:31   5:33   0:00 
Jake McCabe              0  0  0   1  0   2  1  1  0  1  0/0    19:37   4:16   0:00 
Jason Pominville         0  0  0  -1  0   1  1  0  1  0  1/1    10:45   0:00   0:00 
Jesper Fast              0  0  0   0  0   2  8  0  1  0  0/0    17:20   5:33   0:00 
John Tavares             0  0  0   0  0   5  0  0  2  0  5/11   18:14   5:23   0:43 
Justin Bailey            0  0  0   0  0   0  3  3  2  0  0/1    15:28   5:33   0:00 
Marco Scandella          0  0  0   0  0   1  0  1  0  1  0/0    17:05   0:00   1:56 
Marcus Foligno           1  0  1   0  0   2  2  1  0  0  0/0    10:42   0:00   0:00 
Nicolas Deslauriers      0  0  0   0  2   2  3  1  1  1  2/2    11:39   0:00   0:56 
Rasmus Ristolainen       0  0  0   0  0   3  2  1  0  0  0/0    22:41   5:32   2:07 
Ryan Nugent-Hopkins      0  0  0  -1  0   3  2  1  1  1  5/13   17:56   5:38   1:32 
Tyler Myers              0  0  0  -2  0   3  1  2  0  0  0/0    20:53   5:29   2:07 
Zemgus Girgensons        0  0  0   0  0   1  0  0  0  0  1/1    13:04   1:01   1:32 

3 Stars

1 - Sergei Bobrovsky (CBJ)
2 - Boone Jenner (CBJ)
3 - Alexander Wennberg (CBJ)

Power Play

Columbus Blue Jackets - 1 on 3 Attempt(s) - 33.33%
Buffalo Sabres - 0 on 6 Attempt(s) - 0.00%

Penalty Kill

Columbus Blue Jackets - 6 on 6 Attempt(s) - 100.00% - Score 0 goal in Penalty Kill
Buffalo Sabres - 2 on 3 Attempt(s) - 66.67% - Score 0 goal in Penalty Kill

Team Stat

Columbus Blue Jackets - Hits : 23 - Faceoff Wins : 33 - Blocked Shots : 8 - Penalty Minutes : 12
Buffalo Sabres - Hits : 30 - Faceoff Wins : 27 - Blocked Shots : 12 - Penalty Minutes : 6

Official

Referees : Dan O'Rourke and Eric Furlatt
Linesman : Derek Amell and Jonny Murray

Game Notes

No Game Note

Finance

Level 1 -- Attendance: 9085 (90.85%) -- Ticket Income fr. 726'800
Level 2 -- Attendance: 1535 (76.75%) -- Ticket Income fr. 99'775
Level 3 -- Attendance: 2431 (69.46%) -- Ticket Income fr. 85'085
Level 4 -- Attendance: 1279 (88.21%) -- Ticket Income fr. 25'580
Luxury Box -- Attendance: 50 (100.00%) -- Ticket Income fr. 10'000
Game was played at the KeyBank Center.
Total Attendance: 14380 (84.59%)
Total Ticket Income: fr. 947'240
Total Income: fr. 947'240

Columbus Blue Jackets

5 vs 5 Forward 
   Center                   Left Wing                Right Wing               Time % Phy DF OF 
 1 Jamie Benn               Mike Hoffman             Kevin Hayes              29     0   2  3  
 2 David Krejci             Artemi Panarin           Stefan Noesen            28     0   2  3  
 3 Alexander Wennberg       Boone Jenner             Vinnie Hinostroza        24     0   2  3  
 4 Antoine Vermette         Lukas Sedlak             Devante Smith-Pelly      19     0   3  2  

5 vs 5 Defense 
   Defense                  Defense                                           Time % Phy DF OF 
 1 Ryan Murray              Jack Johnson                                      35     1   3  1  
 2 Tim Heed                 Dan Girardi                                       35     1   3  1  
 3 Justin Braun             Markus Nutivaara                                  30     0   4  1  
 4 Jack Johnson             Ryan Murray                                       0      3   1  1  

PowerPlay Forward 
   Center                   Left Wing                Right Wing               Time % Phy DF OF 
 1 Jamie Benn               Artemi Panarin           Mike Hoffman             50     0   0  5  
 2 David Krejci             Boone Jenner             Devante Smith-Pelly      50     0   0  5  

PowerPlay Defense
   Defense                  Defense                                           Time % Phy DF OF 
 1 Jack Johnson             Justin Braun                                      50     0   1  4  
 2 Tim Heed                 Markus Nutivaara                                  50     0   1  4  

Penalty Kill 4 Players Forward 
   Center                   Wing                     Time % Phy DF OF 
 1 Antoine Vermette         Devante Smith-Pelly      50     0   4  1  
 2 Alexander Wennberg       Boone Jenner             50     0   4  1  

Penalty Kill 4 Players Defense
   Defense                  Defense                  Time % Phy DF OF 
 1 Tim Heed                 Ryan Murray              50     0   5  0  
 2 Dan Girardi              Justin Braun             50     0   5  0  

Penalty Kill - 3 Players Forward 
   Forward                                           Time % Phy DF OF 
 1 Antoine Vermette                                  50     0   5  0  
 2 Alexander Wennberg                                50     0   5  0  

Penalty Kill - 3 Players Defense
   Defense                  Defense                  Time % Phy DF OF 
 1 Jack Johnson             Tim Heed                 50     0   5  0  
 2 Ryan Murray              Justin Braun             50     0   5  0  

4 vs 4 Forward 
   Center                   Wing                     Time % Phy DF OF 
 1 Alexander Wennberg       Artemi Panarin           50     0   3  2  
 2 Antoine Vermette         Stefan Noesen            50     0   3  2  

4 vs 4 Defense
   Defense                  Defense                  Time % Phy DF OF 
 1 Justin Braun             Ryan Murray              50     0   4  1  
 2 Tim Heed                 Jack Johnson             50     0   4  1  

Last Minutes Offensive
   Center                   Left Wing                Right Wing               Defense                  Defense                  
   Jamie Benn               Artemi Panarin           Mike Hoffman             Jack Johnson             Markus Nutivaara         

Last Minutes Defensive
   Center                   Left Wing                Right Wing               Defense                  Defense                  
   Alexander Wennberg       Kevin Hayes              Stefan Noesen            Tim Heed                 Justin Braun             

Goaltenders
Starting : Sergei Bobrovsky         
Backup : Calvin Pickard           

Extra Forwards
Normal : Mike Hoffman, Kevin Hayes, Antoine Vermette - PP : Vinnie Hinostroza, David Krejci - PK : Boone Jenner
Extra Defensemen
Normal : Justin Braun, Tim Heed, Ryan Murray - PP : Jack Johnson - PK : Dan Girardi, Markus Nutivaara
Penalty Shots
Jamie Benn, Artemi Panarin, Mike Hoffman, Kevin Hayes, Antoine Vermette
Custom OT Lines Forwards
Jamie Benn, Artemi Panarin, Mike Hoffman, David Krejci, Boone Jenner, Vinnie Hinostroza, Antoine Vermette, Alexander Wennberg, Kevin Hayes, Devante Smith-Pelly
Custom OT Lines Defensemen
Jack Johnson, Justin Braun, Dan Girardi, Markus Nutivaara, Tim Heed

Scratches
Christopher Tanev (Left Leg Injury), Scott Harrington (Healthy), Zac Dalpe (Healthy)

Buffalo Sabres

5 vs 5 Forward 
   Center                   Left Wing                Right Wing               Time % Phy DF OF 
 1 John Tavares             Evan Rodrigues           Jesper Fast              26     0   1  4  
 2 Ryan Nugent-Hopkins      Jason Pominville         Daniel Carr              26     0   2  3  
 3 Barclay Goodrow          Marcus Foligno           Justin Bailey            24     1   2  2  
 4 Curtis Lazar             Zemgus Girgensons        Nicolas Deslauriers      24     1   3  1  

5 vs 5 Defense 
   Defense                  Defense                                           Time % Phy DF OF 
 1 Rasmus Ristolainen       Marco Scandella                                   35     0   2  3  
 2 Dmitry Kulikov           Jake McCabe                                       35     1   2  2  
 3 Tyler Myers              Casey Nelson                                      30     1   2  2  
 4 Rasmus Ristolainen       Marco Scandella                                   0      1   2  2  

PowerPlay Forward 
   Center                   Left Wing                Right Wing               Time % Phy DF OF 
 1 John Tavares             Ryan Nugent-Hopkins      Justin Bailey            50     0   0  5  
 2 Barclay Goodrow          Evan Rodrigues           Jesper Fast              50     0   0  5  

PowerPlay Defense
   Defense                  Defense                                           Time % Phy DF OF 
 1 Rasmus Ristolainen       Casey Nelson                                      50     0   1  4  
 2 Tyler Myers              Jake McCabe                                       50     0   2  3  

Penalty Kill 4 Players Forward 
   Center                   Wing                     Time % Phy DF OF 
 1 Ryan Nugent-Hopkins      Zemgus Girgensons        50     0   5  0  
 2 Barclay Goodrow          Nicolas Deslauriers      50     0   5  0  

Penalty Kill 4 Players Defense
   Defense                  Defense                  Time % Phy DF OF 
 1 Dmitry Kulikov           Marco Scandella          50     0   5  0  
 2 Rasmus Ristolainen       Tyler Myers              50     0   5  0  

Penalty Kill - 3 Players Forward 
   Forward                                           Time % Phy DF OF 
 1 Barclay Goodrow                                   50     0   5  0  
 2 Ryan Nugent-Hopkins                               50     0   5  0  

Penalty Kill - 3 Players Defense
   Defense                  Defense                  Time % Phy DF OF 
 1 Dmitry Kulikov           Marco Scandella          50     0   5  0  
 2 Tyler Myers              Rasmus Ristolainen       50     0   5  0  

4 vs 4 Forward 
   Center                   Wing                     Time % Phy DF OF 
 1 Curtis Lazar             Nicolas Deslauriers      50     0   2  3  
 2 John Tavares             Ryan Nugent-Hopkins      50     0   2  3  

4 vs 4 Defense
   Defense                  Defense                  Time % Phy DF OF 
 1 Dmitry Kulikov           Marco Scandella          50     0   2  3  
 2 Rasmus Ristolainen       Tyler Myers              50     0   2  3  

Last Minutes Offensive
   Center                   Left Wing                Right Wing               Defense                  Defense                  
   John Tavares             Ryan Nugent-Hopkins      Evan Rodrigues           Rasmus Ristolainen       Marco Scandella          

Last Minutes Defensive
   Center                   Left Wing                Right Wing               Defense                  Defense                  
   Barclay Goodrow          Justin Bailey            Jesper Fast              Rasmus Ristolainen       Marco Scandella          

Goaltenders
Starting : Robin Lehner             
Backup : Chad Johnson             

Extra Forwards
Normal : Daniel Carr, Evan Rodrigues, Marcus Foligno - PP : Barclay Goodrow, Zemgus Girgensons - PK : Nicolas Deslauriers
Extra Defensemen
Normal : Rasmus Ristolainen, Tyler Myers, Marco Scandella - PP : Jake McCabe - PK : Dmitry Kulikov, Casey Nelson
Penalty Shots
John Tavares, Ryan Nugent-Hopkins, Jesper Fast, Justin Bailey, Evan Rodrigues
Custom OT Lines Forwards
John Tavares, Ryan Nugent-Hopkins, Curtis Lazar, Barclay Goodrow, Evan Rodrigues, Jesper Fast, Justin Bailey, Zemgus Girgensons, Nicolas Deslauriers, Marcus Foligno
Custom OT Lines Defensemen
Rasmus Ristolainen, Marco Scandella, Tyler Myers, Jake McCabe, Dmitry Kulikov

Scratches
Justin Falk (Healthy), Ryan Reaves (Healthy), Scott Wilson (Healthy)

% Time on Ice - Columbus Blue Jackets

Lines # - Real PCT - Wanted PCT - Time Play
Normal Forward
1 - 30% - 29% - 13:02
2 - 33% - 28% - 14:31
3 - 21% - 24% - 9:27
4 - 16% - 19% - 7:03
Normal Defense
1 - 33% - 35% - 14:40
2 - 33% - 35% - 14:42
3 - 33% - 30% - 14:41
4 - 0% - 0% - 0:00
PP Forward
1 - 51% - 50% - 2:05
2 - 49% - 50% - 1:58
PP Defense
1 - 56% - 50% - 2:17
2 - 44% - 50% - 1:46
PK Forward
1 - 45% - 50% - 5:24
2 - 55% - 50% - 6:30
PK Defense
1 - 49% - 50% - 5:50
2 - 51% - 50% - 6:04
PK3 Forward
1 - 0% - 50%
2 - 0% - 50%
PK3 Defense
1 - 0% - 50%
2 - 0% - 50%
44 Forward
1 - 0% - 50%
2 - 0% - 50%
44 Defense
1 - 0% - 50%
2 - 0% - 50%
Last Minute Offensive  - 0:00
Last Minute Defensive  - 0:00
Total
Forward - 60:00
Defense - 60:00

% Time on Ice - Buffalo Sabres

Lines # - Real PCT - Wanted PCT - Time Play
Normal Forward
1 - 27% - 26% - 11:49
2 - 27% - 26% - 11:54
3 - 22% - 24% - 9:53
4 - 24% - 24% - 10:27
Normal Defense
1 - 36% - 35% - 15:58
2 - 34% - 35% - 15:08
3 - 29% - 30% - 12:57
4 - 0% - 0% - 0:00
PP Forward
1 - 50% - 50% - 5:54
2 - 50% - 50% - 6:00
PP Defense
1 - 51% - 50% - 6:05
2 - 49% - 50% - 5:49
PK Forward
1 - 38% - 50% - 1:32
2 - 62% - 50% - 2:31
PK Defense
1 - 48% - 50% - 1:56
2 - 52% - 50% - 2:07
PK3 Forward
1 - 0% - 50%
2 - 0% - 50%
PK3 Defense
1 - 0% - 50%
2 - 0% - 50%
44 Forward
1 - 0% - 50%
2 - 0% - 50%
44 Defense
1 - 0% - 50%
2 - 0% - 50%
Last Minute Offensive  - 0:00
Last Minute Defensive  - 0:00
Total
Forward - 60:00
Defense - 60:00

Play-by-Play

1st period


0:01 of 1st period - John Tavares wins face-off versus Jamie Benn in neutral zone.
0:08 of 1st period - Snap shot by John Tavares.
0:08 of 1st period - Stopped by Sergei Bobrovsky with a rebound.
0:24 of 1st period - Jack Johnson is hit by Jason Pominville and loses puck.
0:34 of 1st period - Minor Penalty to Stefan Noesen for Holding.
0:35 of 1st period - John Tavares wins face-off versus Antoine Vermette in Columbus Blue Jackets zone.
0:41 of 1st period - Wrist shot by Ryan Nugent-Hopkins.
0:41 of 1st period - Stopped by Sergei Bobrovsky with a rebound.
0:43 of 1st period - Backhand shot by Rasmus Ristolainen.
0:43 of 1st period - Shot Misses the Net.
0:45 of 1st period - Wrist shot by Ryan Nugent-Hopkins.
0:45 of 1st period - Shot Misses the Net.
1:19 of 1st period - Alexander Wennberg is hit by Barclay Goodrow.
2:31 of 1st period - Jake McCabe is hit by Justin Braun and loses puck.
2:34 of 1st period - Penalty to Stefan Noesen is over, Stefan Noesen is back on ice.
2:53 of 1st period - Icing by Casey Nelson.
2:54 of 1st period - Curtis Lazar wins face-off versus Jamie Benn in Buffalo Sabres zone.
3:04 of 1st period - Snap shot by Mike Hoffman.
3:04 of 1st period - Shot Blocked by Nicolas Deslauriers.
3:06 of 1st period - Snap shot by Kevin Hayes.
3:06 of 1st period - Stopped by Robin Lehner with a rebound.
3:08 of 1st period - Wrist shot by Markus Nutivaara.
3:08 of 1st period - Stopped by Robin Lehner without a rebound.
3:09 of 1st period - Jason Pominville wins face-off versus Alexander Wennberg in Buffalo Sabres zone.
4:01 of 1st period - Wrist shot by John Tavares.
4:01 of 1st period - Stopped by Sergei Bobrovsky with a rebound.
4:18 of 1st period - Snap shot by Jamie Benn.
4:18 of 1st period - Shot Misses the Net.
4:20 of 1st period - Slapshot by Tim Heed.
4:20 of 1st period - Shot Blocked by Tyler Myers.
4:22 of 1st period - Snap shot by Jamie Benn.
4:22 of 1st period - Deflect By Kevin Hayes.
4:22 of 1st period - Shot Misses the Net.
4:22 of 1st period - Puck is out of play.
4:23 of 1st period - Alexander Wennberg wins face-off versus Barclay Goodrow in Buffalo Sabres zone.
4:36 of 1st period - Slapshot by Alexander Wennberg.
4:36 of 1st period - Stopped by Robin Lehner with a rebound.
4:38 of 1st period - Slapshot by Alexander Wennberg.
4:38 of 1st period - Goal by Alexander Wennberg - Columbus Blue Jackets : 1 - Buffalo Sabres : 0.
4:39 of 1st period - Evan Rodrigues wins face-off versus Antoine Vermette in neutral zone.
4:42 of 1st period - Snap shot by Evan Rodrigues.
4:42 of 1st period - Shot Misses the Net.
4:50 of 1st period - Snap shot by John Tavares.
4:50 of 1st period - Shot Misses the Net.
4:52 of 1st period - Slapshot by Tyler Myers.
4:52 of 1st period - Stopped by Sergei Bobrovsky without a rebound.
4:53 of 1st period - David Krejci wins face-off versus Barclay Goodrow in Columbus Blue Jackets zone.
4:53 of 1st period - David Krejci is hit by Justin Bailey.
5:03 of 1st period - Wrist shot by Artemi Panarin.
5:03 of 1st period - Shot Blocked by Justin Bailey.
5:19 of 1st period - Justin Braun is hit by Ryan Nugent-Hopkins and loses puck.
5:36 of 1st period - Minor Penalty to Justin Braun for Interference.
5:37 of 1st period - Antoine Vermette wins face-off versus Barclay Goodrow in Columbus Blue Jackets zone.
5:58 of 1st period - Barclay Goodrow is hit by Ryan Murray and loses puck.
6:05 of 1st period - Snap shot by Boone Jenner.
6:05 of 1st period - Shot Misses the Net.
6:49 of 1st period - Snap shot by Evan Rodrigues.
6:49 of 1st period - Stopped by Sergei Bobrovsky without a rebound.
6:50 of 1st period - Antoine Vermette wins face-off versus John Tavares in Columbus Blue Jackets zone.
6:59 of 1st period - Snap shot by John Tavares.
6:59 of 1st period - Shot Misses the Net.
7:01 of 1st period - Wrist shot by John Tavares.
7:01 of 1st period - Stopped by Sergei Bobrovsky without a rebound.
7:02 of 1st period - Alexander Wennberg wins face-off versus Justin Bailey in Columbus Blue Jackets zone.
7:25 of 1st period - Antoine Vermette is hit by Justin Bailey and loses puck.
7:36 of 1st period - Penalty to Justin Braun is over, Justin Braun is back on ice.
7:42 of 1st period - Jamie Benn is hit by Nicolas Deslauriers and loses puck.
8:03 of 1st period - Wrist shot by David Krejci.
8:03 of 1st period - Stopped by Robin Lehner with a rebound.
8:05 of 1st period - Slapshot by Dan Girardi.
8:05 of 1st period - Shot Misses the Net.
8:07 of 1st period - Slapshot by David Krejci.
8:07 of 1st period - Deflect By Artemi Panarin.
8:07 of 1st period - Stopped by Robin Lehner with a rebound.
8:11 of 1st period - Wrist shot by David Krejci.
8:11 of 1st period - Shot Blocked by Marco Scandella.
8:40 of 1st period - Icing by Marco Scandella.
8:41 of 1st period - Barclay Goodrow wins face-off versus Antoine Vermette in Buffalo Sabres zone.
8:41 of 1st period - Barclay Goodrow is hit by Devante Smith-Pelly.
8:53 of 1st period - Slapshot by Rasmus Ristolainen.
8:53 of 1st period - Shot Blocked by Devante Smith-Pelly.
9:07 of 1st period - Jesper Fast is hit by Jamie Benn and loses puck.
9:27 of 1st period - Icing by Artemi Panarin.
9:28 of 1st period - Ryan Nugent-Hopkins wins face-off versus David Krejci in Columbus Blue Jackets zone.
9:57 of 1st period - Snap shot by Jesper Fast.
9:57 of 1st period - Shot Misses the Net.
10:37 of 1st period - Slapshot by Antoine Vermette.
10:37 of 1st period - Shot Misses the Net.
11:09 of 1st period - Tim Heed is hit by Jesper Fast and loses puck.
11:56 of 1st period - Minor Penalty to Vinnie Hinostroza for Interference.
11:57 of 1st period - John Tavares wins face-off versus Antoine Vermette in Columbus Blue Jackets zone.
12:12 of 1st period - Alexander Wennberg is hit by Ryan Nugent-Hopkins and loses puck.
13:08 of 1st period - Icing by Justin Bailey.
13:09 of 1st period - Alexander Wennberg wins face-off versus John Tavares in Buffalo Sabres zone.
13:16 of 1st period - Alexander Wennberg is hit by Justin Bailey and loses puck.
13:56 of 1st period - Penalty to Vinnie Hinostroza is over, Vinnie Hinostroza is back on ice.
14:33 of 1st period - Ryan Murray is hit by Nicolas Deslauriers and loses puck.
15:28 of 1st period - Tyler Myers is hit by Mike Hoffman and loses puck.
15:43 of 1st period - Snap shot by Alexander Wennberg.
15:43 of 1st period - Deflect By Vinnie Hinostroza.
15:43 of 1st period - Shot Misses the Net.
15:43 of 1st period - Puck is out of play.
15:44 of 1st period - Alexander Wennberg wins face-off versus Barclay Goodrow in Buffalo Sabres zone.
16:00 of 1st period - Minor Penalty to Barclay Goodrow for Holding.
16:01 of 1st period - Jamie Benn wins face-off versus Curtis Lazar in Buffalo Sabres zone.
16:03 of 1st period - Wrist shot by Artemi Panarin.
16:03 of 1st period - Stopped by Robin Lehner without a rebound.
16:04 of 1st period - Curtis Lazar wins face-off versus Jamie Benn in Buffalo Sabres zone.
18:00 of 1st period - Penalty to Barclay Goodrow is over, Barclay Goodrow is back on ice.
18:09 of 1st period - Rasmus Ristolainen is hit by Kevin Hayes and loses puck.
18:25 of 1st period - Snap shot by Rasmus Ristolainen.
18:25 of 1st period - Stopped by Sergei Bobrovsky with a rebound.
18:27 of 1st period - Slapshot by Tyler Myers.
18:27 of 1st period - Shot Blocked by Vinnie Hinostroza.
18:29 of 1st period - Snap shot by John Tavares.
18:29 of 1st period - Stopped by Sergei Bobrovsky without a rebound.
18:30 of 1st period - Antoine Vermette wins face-off versus Barclay Goodrow in Columbus Blue Jackets zone.
18:39 of 1st period - Wrist shot by Devante Smith-Pelly.
18:39 of 1st period - Shot Misses the Net.
18:50 of 1st period - Off-side.
18:51 of 1st period - Curtis Lazar wins face-off versus David Krejci in neutral zone.
19:03 of 1st period - Wrist shot by Nicolas Deslauriers.
19:03 of 1st period - Shot Blocked by Ryan Murray.
19:05 of 1st period - Slapshot by Jake McCabe.
19:05 of 1st period - Shot Misses the Net.
19:26 of 1st period - Tyler Myers is hit by Kevin Hayes and loses puck.
19:39 of 1st period - Boone Jenner is hit by Daniel Carr and loses puck.
19:59 of 1st period - Markus Nutivaara is hit by Marcus Foligno and loses puck.
Goals for this period are 1 for Columbus Blue Jackets vs 0 for Buffalo Sabres.
Shots for this period are 7 for Columbus Blue Jackets vs 8 for Buffalo Sabres.

2nd period


0:01 of 2nd period - Kevin Hayes wins face-off versus John Tavares in neutral zone.
0:20 of 2nd period - Dan Girardi is hit by Jesper Fast.
0:21 of 2nd period - Icing by Dan Girardi.
0:22 of 2nd period - Kevin Hayes wins face-off versus Barclay Goodrow in Columbus Blue Jackets zone.
0:27 of 2nd period - Marcus Foligno is hit by Jamie Benn and loses puck.
0:52 of 2nd period - Slapshot by Jamie Benn.
0:52 of 2nd period - Stopped by Robin Lehner without a rebound.
0:53 of 2nd period - David Krejci wins face-off versus Ryan Nugent-Hopkins in Buffalo Sabres zone.
0:56 of 2nd period - Wrist shot by Artemi Panarin.
0:56 of 2nd period - Shot Hit the Post.
0:58 of 2nd period - Snap shot by David Krejci.
0:58 of 2nd period - Shot Misses the Net.
1:00 of 2nd period - Wrist shot by David Krejci.
1:00 of 2nd period - Goal by David Krejci - Columbus Blue Jackets : 2 - Buffalo Sabres : 0.
1:01 of 2nd period - John Tavares wins face-off versus David Krejci in neutral zone.
1:48 of 2nd period - Barclay Goodrow is hit by Boone Jenner and loses puck.
1:55 of 2nd period - Slapshot by Justin Bailey.
1:55 of 2nd period - Shot Misses the Net.
2:05 of 2nd period - Snap shot by Ryan Nugent-Hopkins.
2:05 of 2nd period - Stopped by Sergei Bobrovsky without a rebound.
2:06 of 2nd period - Antoine Vermette wins face-off versus Ryan Nugent-Hopkins in Columbus Blue Jackets zone.
2:06 of 2nd period - Antoine Vermette is hit by Daniel Carr.
2:20 of 2nd period - Casey Nelson is hit by Devante Smith-Pelly and loses puck.
2:40 of 2nd period - Ryan Murray is hit by Jesper Fast and loses puck.
3:03 of 2nd period - Snap shot by Jamie Benn.
3:03 of 2nd period - Shot Misses the Net.
3:35 of 2nd period - Snap shot by Jason Pominville.
3:35 of 2nd period - Stopped by Sergei Bobrovsky with a rebound.
4:07 of 2nd period - Marco Scandella is hit by Stefan Noesen and loses puck.
4:22 of 2nd period - Artemi Panarin is hit by Jesper Fast and loses puck.
5:20 of 2nd period - Off-side.
5:21 of 2nd period - Jamie Benn wins face-off versus Barclay Goodrow in neutral zone.
5:26 of 2nd period - Wrist shot by Kevin Hayes.
5:26 of 2nd period - Shot Blocked by Dmitry Kulikov.
5:34 of 2nd period - Wrist shot by Mike Hoffman.
5:34 of 2nd period - Stopped by Robin Lehner with a rebound.
5:36 of 2nd period - Slapshot by Tim Heed.
5:36 of 2nd period - Deflect By Mike Hoffman.
5:36 of 2nd period - Stopped by Robin Lehner with a rebound.
6:13 of 2nd period - Minor Penalty to Boone Jenner for Interference.
6:14 of 2nd period - Antoine Vermette wins face-off versus John Tavares in Columbus Blue Jackets zone.
6:34 of 2nd period - Snap shot by Antoine Vermette.
6:34 of 2nd period - Shot Blocked by Tyler Myers.
7:58 of 2nd period - Ryan Murray is hit by Jake McCabe and loses puck.
8:13 of 2nd period - Penalty to Boone Jenner is over, Boone Jenner is back on ice.
9:21 of 2nd period - Ryan Nugent-Hopkins is hit by Mike Hoffman and loses puck.
10:07 of 2nd period - Icing by John Tavares.
10:08 of 2nd period - David Krejci wins face-off versus John Tavares in Buffalo Sabres zone.
10:11 of 2nd period - Snap shot by David Krejci.
10:11 of 2nd period - Stopped by Robin Lehner with a rebound.
10:27 of 2nd period - Snap shot by Marcus Foligno.
10:27 of 2nd period - Stopped by Sergei Bobrovsky without a rebound.
10:28 of 2nd period - Jamie Benn wins face-off versus Daniel Carr in Columbus Blue Jackets zone.
10:53 of 2nd period - Zemgus Girgensons is hit by Dan Girardi and loses puck.
11:53 of 2nd period - Snap shot by Boone Jenner.
11:53 of 2nd period - Stopped by Robin Lehner with a rebound.
11:55 of 2nd period - Slapshot by Tim Heed.
11:55 of 2nd period - Deflect By Alexander Wennberg.
11:55 of 2nd period - Stopped by Robin Lehner with a rebound.
11:57 of 2nd period - Slapshot by Tim Heed.
11:57 of 2nd period - Shot Blocked by Jake McCabe.
11:59 of 2nd period - Slapshot by Vinnie Hinostroza.
11:59 of 2nd period - Shot Misses the Net.
12:01 of 2nd period - Wrist shot by Boone Jenner.
12:01 of 2nd period - Deflect By Alexander Wennberg.
12:01 of 2nd period - Stopped by Robin Lehner with a rebound.
12:09 of 2nd period - Slapshot by Alexander Wennberg.
12:09 of 2nd period - Deflect By Vinnie Hinostroza.
12:09 of 2nd period - Stopped by Robin Lehner without a rebound.
12:10 of 2nd period - Nicolas Deslauriers wins face-off versus Jamie Benn in Buffalo Sabres zone.
12:17 of 2nd period - Snap shot by Nicolas Deslauriers.
12:17 of 2nd period - Stopped by Sergei Bobrovsky without a rebound.
12:18 of 2nd period - Curtis Lazar wins face-off versus Jamie Benn in Columbus Blue Jackets zone.
12:19 of 2nd period - Wrist shot by Zemgus Girgensons.
12:19 of 2nd period - Stopped by Sergei Bobrovsky with a rebound.
12:43 of 2nd period - Wrist shot by Curtis Lazar.
12:43 of 2nd period - Stopped by Sergei Bobrovsky with a rebound.
12:48 of 2nd period - Off-side.
12:49 of 2nd period - Ryan Nugent-Hopkins wins face-off versus Antoine Vermette in neutral zone.
13:14 of 2nd period - Marco Scandella is hit by Stefan Noesen and loses puck.
13:39 of 2nd period - Tyler Myers is hit by Kevin Hayes and loses puck.
14:11 of 2nd period - Casey Nelson is hit by Boone Jenner and loses puck.
14:41 of 2nd period - Off-side.
14:42 of 2nd period - Mike Hoffman wins face-off versus Barclay Goodrow in neutral zone.
14:56 of 2nd period - Slapshot by Jamie Benn.
14:56 of 2nd period - Shot Blocked by Justin Bailey.
14:58 of 2nd period - Wrist shot by Kevin Hayes.
14:58 of 2nd period - Deflect By Marco Scandella.
14:58 of 2nd period - Stopped by Robin Lehner with a rebound.
15:00 of 2nd period - Slapshot by Kevin Hayes.
15:00 of 2nd period - Shot Misses the Net.
15:08 of 2nd period - Snap shot by Jamie Benn.
15:08 of 2nd period - Stopped by Robin Lehner with a rebound.
15:10 of 2nd period - Wrist shot by Mike Hoffman.
15:10 of 2nd period - Shot Misses the Net.
15:12 of 2nd period - Snap shot by Ryan Murray.
15:12 of 2nd period - Shot Blocked by Justin Bailey.
15:14 of 2nd period - Slapshot by Ryan Murray.
15:14 of 2nd period - Stopped by Robin Lehner with a rebound.
15:16 of 2nd period - Slapshot by Ryan Murray.
15:16 of 2nd period - Deflect By Jamie Benn.
15:16 of 2nd period - Shot Blocked by Rasmus Ristolainen.
15:16 of 2nd period - Puck is out of play.
15:17 of 2nd period - Daniel Carr wins face-off versus Antoine Vermette in Buffalo Sabres zone.
15:43 of 2nd period - Zemgus Girgensons is hit by Dan Girardi and loses puck.
15:50 of 2nd period - Artemi Panarin is hit by Nicolas Deslauriers.
16:04 of 2nd period - Markus Nutivaara is hit by Evan Rodrigues and loses puck.
16:13 of 2nd period - Snap shot by Evan Rodrigues.
16:13 of 2nd period - Shot Blocked by Markus Nutivaara.
16:15 of 2nd period - Slapshot by Marco Scandella.
16:15 of 2nd period - Stopped by Sergei Bobrovsky without a rebound.
16:16 of 2nd period - Jamie Benn wins face-off versus Ryan Nugent-Hopkins in Columbus Blue Jackets zone.
16:25 of 2nd period - Wrist shot by Jamie Benn.
16:25 of 2nd period - Deflect By Ryan Nugent-Hopkins.
16:25 of 2nd period - Stopped by Robin Lehner without a rebound.
16:26 of 2nd period - Ryan Nugent-Hopkins wins face-off versus Jamie Benn in Buffalo Sabres zone.
16:26 of 2nd period - Jason Pominville is hit by Ryan Murray and loses puck.
16:33 of 2nd period - Snap shot by Mike Hoffman.
16:33 of 2nd period - Stopped by Robin Lehner with a rebound.
16:35 of 2nd period - Snap shot by Jamie Benn.
16:35 of 2nd period - Stopped by Robin Lehner with a rebound.
16:41 of 2nd period - Snap shot by Mike Hoffman.
16:41 of 2nd period - Shot Misses the Net.
16:43 of 2nd period - Slapshot by Jack Johnson.
16:43 of 2nd period - Shot Blocked by Ryan Nugent-Hopkins.
17:25 of 2nd period - Snap shot by Ryan Nugent-Hopkins.
17:25 of 2nd period - Stopped by Sergei Bobrovsky without a rebound.
17:26 of 2nd period - Barclay Goodrow wins face-off versus David Krejci in Columbus Blue Jackets zone.
17:51 of 2nd period - Stefan Noesen is hit by Jesper Fast.
17:55 of 2nd period - David Krejci is hit by Jesper Fast.
18:01 of 2nd period - Slapshot by Artemi Panarin.
18:01 of 2nd period - Stopped by Robin Lehner with a rebound.
18:13 of 2nd period - Slapshot by Rasmus Ristolainen.
18:13 of 2nd period - Stopped by Sergei Bobrovsky with a rebound.
18:15 of 2nd period - Slapshot by Jake McCabe.
18:15 of 2nd period - Stopped by Sergei Bobrovsky without a rebound.
18:16 of 2nd period - Antoine Vermette wins face-off versus Curtis Lazar in Columbus Blue Jackets zone.
18:31 of 2nd period - Snap shot by Devante Smith-Pelly.
18:31 of 2nd period - Shot Misses the Net.
18:41 of 2nd period - Dmitry Kulikov is hit by Boone Jenner and loses puck.
19:07 of 2nd period - Tyler Myers is hit by Jamie Benn.
19:55 of 2nd period - Jack Johnson is hit by Barclay Goodrow and loses puck.
Goals for this period are 1 for Columbus Blue Jackets vs 0 for Buffalo Sabres.
Shots for this period are 16 for Columbus Blue Jackets vs 10 for Buffalo Sabres.

3rd period


0:01 of 3rd period - Barclay Goodrow wins face-off versus David Krejci in neutral zone.
0:14 of 3rd period - Wrist shot by Marcus Foligno.
0:14 of 3rd period - Goal by Marcus Foligno - Columbus Blue Jackets : 2 - Buffalo Sabres : 1.
0:15 of 3rd period - Nicolas Deslauriers wins face-off versus Vinnie Hinostroza in neutral zone.
0:40 of 3rd period - Dmitry Kulikov is hit by Dan Girardi and loses puck.
0:45 of 3rd period - Wrist shot by Mike Hoffman.
0:45 of 3rd period - Deflect By John Tavares.
0:45 of 3rd period - Shot Misses the Net.
0:45 of 3rd period - Puck is out of play.
0:46 of 3rd period - John Tavares wins face-off versus Jamie Benn in Buffalo Sabres zone.
1:11 of 3rd period - Wrist shot by John Tavares.
1:11 of 3rd period - Stopped by Sergei Bobrovsky with a rebound.
1:13 of 3rd period - Wrist shot by Jesper Fast.
1:13 of 3rd period - Shot Misses the Net.
1:15 of 3rd period - Wrist shot by Jesper Fast.
1:15 of 3rd period - Stopped by Sergei Bobrovsky without a rebound.
1:16 of 3rd period - Barclay Goodrow wins face-off versus Devante Smith-Pelly in Columbus Blue Jackets zone.
1:17 of 3rd period - Slapshot by Rasmus Ristolainen.
1:17 of 3rd period - Deflect By Marcus Foligno.
1:17 of 3rd period - Shot Misses the Net.
1:17 of 3rd period - Puck is out of play.
1:18 of 3rd period - Antoine Vermette wins face-off versus Barclay Goodrow in Columbus Blue Jackets zone.
1:33 of 3rd period - Wrist shot by Marcus Foligno.
1:33 of 3rd period - Shot Blocked by Tim Heed.
2:08 of 3rd period - Dan Girardi is hit by Rasmus Ristolainen and loses puck.
2:14 of 3rd period - Off-side.
2:15 of 3rd period - Antoine Vermette wins face-off versus Curtis Lazar in neutral zone.
2:28 of 3rd period - Snap shot by Jake McCabe.
2:28 of 3rd period - Stopped by Sergei Bobrovsky with a rebound.
2:30 of 3rd period - Wrist shot by Jake McCabe.
2:30 of 3rd period - Shot Misses the Net.
3:07 of 3rd period - Minor Penalty to Barclay Goodrow for Roughing.
3:08 of 3rd period - David Krejci wins face-off versus Ryan Nugent-Hopkins in Buffalo Sabres zone.
3:12 of 3rd period - Snap shot by Boone Jenner.
3:12 of 3rd period - Goal by Boone Jenner - Columbus Blue Jackets : 3 - Buffalo Sabres : 1.
3:13 of 3rd period - Jamie Benn wins face-off versus Curtis Lazar in neutral zone.
3:20 of 3rd period - Wrist shot by Jamie Benn.
3:20 of 3rd period - Stopped by Robin Lehner with a rebound.
3:38 of 3rd period - Jake McCabe is hit by David Krejci.
4:02 of 3rd period - Vinnie Hinostroza is hit by Jesper Fast and loses puck.
4:22 of 3rd period - Slapshot by Tyler Myers.
4:22 of 3rd period - Stopped by Sergei Bobrovsky with a rebound.
4:37 of 3rd period - Markus Nutivaara is hit by Rasmus Ristolainen and loses puck.
4:44 of 3rd period - Slapshot by Rasmus Ristolainen.
4:44 of 3rd period - Stopped by Sergei Bobrovsky without a rebound.
4:45 of 3rd period - David Krejci wins face-off versus Ryan Nugent-Hopkins in Columbus Blue Jackets zone.
5:42 of 3rd period - Icing by Marco Scandella.
5:43 of 3rd period - David Krejci wins face-off versus Curtis Lazar in Buffalo Sabres zone.
5:52 of 3rd period - Slapshot by Rasmus Ristolainen.
5:52 of 3rd period - Shot Misses the Net.
5:54 of 3rd period - Wrist shot by Marco Scandella.
5:54 of 3rd period - Shot Blocked by Tim Heed.
5:56 of 3rd period - Wrist shot by Nicolas Deslauriers.
5:56 of 3rd period - Shot Misses the Net.
6:04 of 3rd period - Minor Penalty to David Krejci for Hooking.
6:05 of 3rd period - Antoine Vermette wins face-off versus Barclay Goodrow in Columbus Blue Jackets zone.
6:18 of 3rd period - Snap shot by Antoine Vermette.
6:18 of 3rd period - Stopped by Robin Lehner without a rebound.
6:19 of 3rd period - Antoine Vermette wins face-off versus John Tavares in Buffalo Sabres zone.
8:04 of 3rd period - Penalty to David Krejci is over, David Krejci is back on ice.
8:11 of 3rd period - Wrist shot by Nicolas Deslauriers.
8:11 of 3rd period - Deflect By Curtis Lazar.
8:11 of 3rd period - Shot Blocked by Tim Heed.
8:11 of 3rd period - Puck is out of play.
8:12 of 3rd period - Zemgus Girgensons wins face-off versus Jamie Benn in Columbus Blue Jackets zone.
8:17 of 3rd period - Snap shot by Nicolas Deslauriers.
8:17 of 3rd period - Stopped by Sergei Bobrovsky without a rebound.
8:18 of 3rd period - Curtis Lazar wins face-off versus Jamie Benn in Columbus Blue Jackets zone.
8:19 of 3rd period - Wrist shot by Nicolas Deslauriers.
8:19 of 3rd period - Shot Misses the Net.
8:27 of 3rd period - Snap shot by Curtis Lazar.
8:27 of 3rd period - Stopped by Sergei Bobrovsky with a rebound.
8:53 of 3rd period - Snap shot by Evan Rodrigues.
8:53 of 3rd period - Shot Misses the Net.
9:07 of 3rd period - Snap shot by Markus Nutivaara.
9:07 of 3rd period - Stopped by Robin Lehner with a rebound.
9:09 of 3rd period - Slapshot by Justin Braun.
9:09 of 3rd period - Stopped by Robin Lehner without a rebound.
9:10 of 3rd period - Antoine Vermette wins face-off versus Ryan Nugent-Hopkins in Buffalo Sabres zone.
9:41 of 3rd period - Alexander Wennberg is hit by Marcus Foligno and loses puck.
9:53 of 3rd period - Minor Penalty to Stefan Noesen for Slashing.
9:54 of 3rd period - Antoine Vermette wins face-off versus Barclay Goodrow in Columbus Blue Jackets zone.
10:02 of 3rd period - Antoine Vermette is hit by Jesper Fast and loses puck.
10:07 of 3rd period - Wrist shot by Evan Rodrigues.
10:07 of 3rd period - Stopped by Sergei Bobrovsky without a rebound.
10:08 of 3rd period - Devante Smith-Pelly wins face-off versus Ryan Nugent-Hopkins in Columbus Blue Jackets zone.
10:21 of 3rd period - Slapshot by Tyler Myers.
10:21 of 3rd period - Stopped by Sergei Bobrovsky without a rebound.
10:22 of 3rd period - Barclay Goodrow wins face-off versus Antoine Vermette in Columbus Blue Jackets zone.
10:23 of 3rd period - Snap shot by Jesper Fast.
10:23 of 3rd period - Stopped by Sergei Bobrovsky without a rebound.
10:24 of 3rd period - Antoine Vermette wins face-off versus Barclay Goodrow in Columbus Blue Jackets zone.
11:53 of 3rd period - Penalty to Stefan Noesen is over, Stefan Noesen is back on ice.
12:21 of 3rd period - Icing by Antoine Vermette.
12:22 of 3rd period - Ryan Nugent-Hopkins wins face-off versus Kevin Hayes in Columbus Blue Jackets zone.
12:44 of 3rd period - Icing by Rasmus Ristolainen.
12:45 of 3rd period - Curtis Lazar wins face-off versus Alexander Wennberg in Buffalo Sabres zone.
13:00 of 3rd period - Wrist shot by Alexander Wennberg.
13:00 of 3rd period - Shot Blocked by Marcus Foligno.
13:53 of 3rd period - Minor Penalty to Nicolas Deslauriers for Hooking.
13:54 of 3rd period - Ryan Nugent-Hopkins wins face-off versus David Krejci in Buffalo Sabres zone.
15:30 of 3rd period - Jack Johnson is hit by Tyler Myers and loses puck.
15:53 of 3rd period - Penalty to Nicolas Deslauriers is over, Nicolas Deslauriers is back on ice.
16:20 of 3rd period - Ryan Murray is hit by Evan Rodrigues and loses puck.
18:01 of 3rd period - Icing by Evan Rodrigues.
18:02 of 3rd period - Alexander Wennberg wins face-off versus Ryan Nugent-Hopkins in Buffalo Sabres zone.
18:22 of 3rd period - Snap shot by Nicolas Deslauriers.
18:22 of 3rd period - Shot Hit the Post.
18:24 of 3rd period - Slapshot by Marco Scandella.
18:24 of 3rd period - Shot Misses the Net.
18:26 of 3rd period - Snap shot by Justin Bailey.
18:26 of 3rd period - Shot Misses the Net.
18:28 of 3rd period - Slapshot by Marco Scandella.
18:28 of 3rd period - Shot Blocked by Markus Nutivaara.
18:30 of 3rd period - Wrist shot by Barclay Goodrow.
18:30 of 3rd period - Shot Misses the Net.
19:28 of 3rd period - Nicolas Deslauriers is hit by Devante Smith-Pelly and loses puck.
19:54 of 3rd period - Mike Hoffman is hit by Barclay Goodrow and loses puck.
Goals for this period are 1 for Columbus Blue Jackets vs 1 for Buffalo Sabres.
Shots for this period are 5 for Columbus Blue Jackets vs 11 for Buffalo Sabres.